 Dungeon Crawl Stone Soup version 0.17-a0-2064-g265a032 (webtiles) character file.

358 tp1 the Conjurer (level 6, -6/32 HPs)
             Began as a Deep Elf Conjurer on Oct 12, 2015.
             Killed by divine providence
             ... invoked by an orc priest
              (11 damage)
             ... on level 4 of the Dungeon.
             The game lasted 00:30:55 (4020 turns).

tp1 the Conjurer (Deep Elf Conjurer)                Turns: 4020, Time: 00:30:55

Health: -6/32      AC:  5    Str:  5    XL:     6   Next: 37%
Magic:  5/15       EV: 12    Int: 22    God:
Gold:   99         SH:  0    Dex: 15    Spells: 3 memorised, 7 levels left

rFire  . . .     SeeInvis .     (no weapon)
rCold  . . .     Clarity  .     e - +0 leather armour
rNeg   . . .     SustAt   .     (no shield)
rPois  .         Gourm    .     (no helmet)
rElec  .         Spirit   .     u - +0 cloak
rCorr  .         Warding  .     h - +0 pair of gloves
rMut   .         Stasis   .     (no boots)
MR     .....                    (no amulet)
Stlth  ++........               (no ring)
                                (no ring)

@: not resistant to hostile enchantments, unstealthy
A: no striking features
a: no special abilities


You were on level 4 of the Dungeon.
You were very hungry.

You visited 1 branch of the dungeon, and saw 5 of its levels.

You collected 99 gold pieces.

Inventory:

Armour
 a - a +0 robe
 e - a +0 leather armour (worn)
 h - a +0 pair of gloves (worn)
 u - a +0 cloak (worn)
Jewellery
 k - an uncursed amulet of stasis {unknown}
Wands
 y - a wand of fire (6)
 F - a wand of fire (10)
Scrolls
 d - a scroll of magic mapping {unknown}
 g - 2 scrolls of blinking {unknown}
 j - 3 scrolls of enchant weapon {unknown}
 l - 6 scrolls of remove curse {unknown}
 m - 8 scrolls of identify {unknown}
 n - a scroll of amnesia {unknown}
 o - 2 scrolls of fog {unknown}
 p - a scroll of enchant armour {unknown}
 q - 2 scrolls of fear {unknown}
 x - 2 scrolls of random uselessness {unknown}
 B - a scroll of immolation {unknown}
Potions
 f - 2 potions of ambrosia {unknown}
 i - 3 potions of cancellation {unknown}
 r - a potion of agility {unknown}
 t - 3 potions of heal wounds {unknown}
 z - a potion of lignification {unknown}
 A - a potion of curing {unknown}
 C - 2 potions of flight {unknown}
 E - 3 potions of magic {unknown}
Books
 b - a book of Conjurations

   Spells                             Type                      Level
   a - Magic Dart                     Conjuration                  1
   b - Searing Ray                    Conjuration                  2
   c - Dazzling Spray                 Conjuration/Hexes            3
   d - Fulminant Prism                Conjuration/Hexes            4
   e - Iskenderun's Mystic Blast      Conjuration                  4
   f - Iskenderun's Battlesphere      Conjuration/Charms           5
 D - a book of Dreams

   Spells                             Type                      Level
   a - Ensorcelled Hibernation        Hexes/Ice                    2
   b - Phase Shift                    Translocation                5
   c - Shadow Creatures               Summoning                    5
   d - Silence                        Hexes/Air                    5
   e - Darkness                       Hexes                        6
   f - Mass Confusion                 Hexes                        6
 G - a book of the Warp

   Spells                             Type                      Level
   a - Recall                         Summoning/Translocation      3
   b - Gell's Gravitas                Hexes/Translocation          3
   c - Force Lance                    Conjuration/Translocation    4
   d - Phase Shift                    Translocation                5
   e - Warp Weapon                    Charms/Translocation         5
   f - Summon Forest                  Summoning/Translocation      5
Comestibles
 c - 3 bread rations
 s - 2 meat rations
 v - a beef jerky
 w - 2 slices of pizza


   Skills:
 - Level 2.4 Dodging
 - Level 2.4 Stealth
 - Level 5.1 Spellcasting
 - Level 6.0 Conjurations
 + Level 5.9 Charms


You had 7 spell levels left.
You knew the following spells:

 Your Spells              Type           Power        Failure   Level  Hunger
a - Magic Dart            Conj           ####         1%          1    None
b - Searing Ray           Conj           ####..       2%          2    None
c - Iskenderun's Battles  Conj/Chrm      ####....     43%         5    #####..


Dungeon Overview and Level Annotations

Branches:
Dungeon (5/15)
 Temple: D:4-7

Altars:
Ru

Shops:
D:4 [}}

Annotations:
D:3 Grinder


Message History

The orc priest is severely wounded.
The orc priest shouts!
Casting: Magic Dart
Confirm with . or Enter, or press ? or * to list all spells.
Aiming: Magic Dart
Press: ? - help, Shift-Dir - straight line, f/p - orc priest
Aim: an orc priest, wielding a falchion (severely wounded)
The magic dart hits the orc priest.
The orc priest is almost dead.
The orc priest barely misses you.
Casting: Magic Dart
Confirm with . or Enter, or press ? or * to list all spells.
Aiming: Magic Dart
Press: ? - help, Shift-Dir - straight line, f/p - orc priest
Aim: an orc priest, wielding a falchion (almost dead)
The magic dart hits the orc priest.
You kill the orc priest!
The orc priest calls down the wrath of Beogh upon you.
Something smites you!
You die...

# ### # ##.## #
..######...###############
........................♣.
..######......#########.#.
#....#...# #.#.
###....###(..#####...
##.s.@#...###.........
###..######.# #####....
#.o.## ....#####..<. #.###
##.........( #.#
.#.##...(.. #.# ..##......
#o# #............ #)#
#...######... #.# #...#
#..>


You could see a scorpion and an orc priest.

Vanquished Creatures
  An orc priest (D:4)
  A hound (D:4)
  A giant frog skeleton (D:4)
  A worker ant (D:4)
  Terence (D:3)
  A hound zombie (D:3)
  A hound skeleton (D:4)
  7 adders
  A gnoll (D:1)
  2 oozes
  6 worms
  3 giant geckos
  5 orcs
  11 bats
  4 giant cockroaches
  12 goblins
  9 hobgoblins
  2 jackals (D:1)
  A ball python (D:3)
  5 giant newts
  13 kobolds
  6 rats
94 creatures vanquished.

Notes
Turn   | Place    | Note
--------------------------------------------------------------
     0 | D:1      | tp1 the Deep Elf Conjurer began the quest for the Orb.
     0 | D:1      | Reached XP level 1. HP: 10/10 MP: 6/6
   159 | D:1      | Reached XP level 2. HP: 15/15 MP: 4/8
   366 | D:1      | Learned a level 2 spell: Searing Ray
   600 | D:1      | Reached XP level 3. HP: 19/19 MP: 9/11
  1256 | D:2      | Reached skill level 5 in Conjurations
  1338 | D:2      | You fall through a shaft!
  1537 | D:3      | Reached XP level 4. HP: 24/24 MP: 5/12
  1632 | D:3      | Reached skill level 5 in Spellcasting
  1952 | D:3      | Found a sacrificial altar of Ru.
  2011 | D:3      | Noticed Terence
  2057 | D:3      | HP: 1/24 [Terence/mace (9)]
  2059 | D:3      | Killed Terence
  2292 | D:3      | Reached XP level 5. HP: 23/28 MP: 11/14
  2297 | D:3      | Reached skill level 6 in Conjurations
  2308 | D:3      | Noticed Grinder
  2362 | D:3      | Learned a level 5 spell: Iskenderun's Battlesphere
  2407 | D:2      | Found a faded altar to an unknown god.
  2535 | D:2      | Reached skill level 1 in Charms
  3120 | D:2      | Found a faded altar to an unknown god.
  3460 | D:4      | Found Ytit's Armour Boutique.
  3603 | D:4      | Found Yntabitu's Gadget Emporium.
  3790 | D:4      | Reached skill level 5 in Charms
  3790 | D:4      | Reached XP level 6. HP: 29/32 MP: 4/15
  3815 | D:4      | Found Daelenox's Gadget Emporium.
  3830 | D:4      | Noticed an ogre
  3853 | D:5      | Entered Level 5 of the Dungeon
  4020 | D:4      | Killed from afar by an orc priest

Vault maps used:
D:1:      dpeg_arrival_simpleton_c, minmay_fountain_box, minivault_27
D:2:      ecumenical_altar_1
D:3:      kennysheep_six_static_rooms, old_standard_altar, minmay_bisected,
          uniq_terence, uniq_grinder
D:4:      serial_shops, kennysheep_little_box, nicolae_shop_crystal,
          nicolae_shop_trees, shop_fountains
D:5:      tgw_trog, lemuel_doored_altar, minmay_temple_entry_fiery, first_bread,
          nicolae_tso_carved_into_rock, uniq_blork_the_orc

Action                   |  1- 3 |  4- 6 || total
-------------------------+-------+-------++-------
Melee: Unarmed           |     1 |       ||     1
 Cast: Magic Dart        |    69 |   186 ||   255
       Searing Ray       |     1 |     3 ||     4
  Eat: Chunk             |     2 |     6 ||     8
